 Dungeon Crawl Stone Soup version 0.28.0-47-ge53b351184 (webtiles) character file.

Game seed: 9834174828571475094

25 bnorton916 the Stinger (level 2, 0/14 (15) HPs)
             Began as a Deep Elf Venom Mage on May 10, 2022.
             Slain by a necrophage (2 damage)
             ... on level 2 of the Dungeon.
             The game lasted 00:02:44 (1880 turns).

bnorton916 the Stinger (Deep Elf Venom Mage)        Turns: 1880, Time: 00:02:45

HP:   0/14 (15)     AC:  3    Str:  5    XL:     2   Next: 86%
MP:   8/8           EV: 12    Int: 19    God:
Gold: 50            SH:  0    Dex: 15    Spells: 5/8 levels left

rFire   . . .      SeeInvis .   h - +1 rapier (protect)
rCold   . . .      Faith    .   (no shield)
rNeg    . . .      Spirit   .   a - +0 robe
rPois   .          Reflect  .   c - +0 helmet
rElec   .          Harm     .   (no cloak)
rCorr   .          Rampage  .   (no gloves)
Will    .....                   (no boots)
Stlth   ++........              (no amulet)
HPRegen 0.04/turn               (no ring)
MPRegen 0.11/turn               (no ring)

@: drained
A: no striking features
a: no special abilities


You were on level 2 of the Dungeon.
You visited 1 branch of the dungeon, and saw 4 of its levels.

You collected 50 gold pieces.

Inventory:

Hand Weapons
 h - a +1 rapier of protection (weapon)
Armour
 a - a +0 robe (worn)
 c - a +0 helmet (worn)
Jewellery
 k - a +6 ring of strength
Scrolls
 e - 2 scrolls of identify {unknown}
 f - 2 scrolls of blinking {unknown}
 i - a scroll of enchant weapon {unknown}
 j - a scroll of teleportation {unknown}
Potions
 b - a potion of lignification {unknown}
 d - 2 potions of degeneration {unknown}
 g - a potion of haste {unknown}


   Skills:
 - Level 2.4 Dodging
 - Level 2.4 Stealth
 + Level 3.7 Spellcasting
 + Level 2.0 Transmutations
 + Level 3.7 Poison Magic


You had 5 spell levels left.
You knew the following spells:

 Your Spells              Type           Power      Damage    Failure   Level
a - Sting                 Tmut/Pois      56%        1d5       4%          1
b - Poisonous Vapours     Pois/Air       20%        N/A       10%         2

Your spell library contained the following spells:

 Spells                   Type           Power      Damage    Failure   Level
 Mephitic Cloud           Conj/Pois/Air  8%         N/A       26%         3
 Olgreb's Toxic Radiance  Pois           17%        N/A       30%         4
 Fireball                 Conj/Fire      1%         3d3       98%         5
 Starburst                Conj/Fire      1%         6d3       100%        6
 Ignition                 Fire           1%         3d3       100%        8


Dungeon Overview and Level Annotations

Branches:
Dungeon (4/15)
 Temple: D:4-7

Altars:


Message History

Aiming: Sting (safe; 4% risk of failure)
Press: ? - help, Shift-Dir - straight line, f/p - quokka
Aim: a quokka (almost dead, very poisoned, 60% to hit)
The sting misses the quokka.
You kill the quokka!
Magic restored.
A quokka comes into view.
Casting: Sting (safe; 4% risk of failure)
Confirm with . or Enter, or press ? or * to list all spells.
You can't see any susceptible monsters within range! (Use Z to cast anyway.)
Casting: Sting (safe; 4% risk of failure)
Confirm with . or Enter, or press ? or * to list all spells.
Aiming: Poisonous Vapours (safe; 10% risk of failure)
Press: ? - help, Dir - move target, f - quokka
Aim: a quokka (asleep) Poisonous vapours surround the quokka!
The quokka is poisoned.
Casting: Poisonous Vapours (safe; 10% risk of failure)
Confirm with . or Enter, or press ? or * to list all spells.
Aiming: Sting (safe; 4% risk of failure)
Press: ? - help, Shift-Dir - straight line, f/p - quokka
Aim: a quokka (almost dead, poisoned, 60% to hit)
The sting hits the quokka.
The quokka looks even sicker.
You kill the quokka!
You see here a quokka corpse.
A necrophage comes into view.
The necrophage closely misses you.
There is a stone staircase leading down here.
The necrophage hits you but does no damage.
You climb downwards.
There is a stone staircase leading up here.
The necrophage hits you.
You feel drained.
You climb upwards.
There is a stone staircase leading down here.
There is a stone staircase leading up here.
The necrophage hits you.
* * * LOW HITPOINT WARNING * * *
You climb upwards.
There is a stone staircase leading down here.
The necrophage hits you.
You die...

###.##....##..##......#..#.†.#
#.##....#....#.....#####.###
###.##....#.#..#...).# #.####
....##....#.#..#.....# ###....#
.....#....#.#..##..#####...#.##
.....#......#...#......#.#.#.#
.....#....###.....####.#.#.#.#
.....#....# #.....# #.#.....#
..........# #..#@)# #.###.###
..........# #..#.n####.#
#.###### ..........#
#....>.....# #......#
..........#
##.#.##############.#
#........## #.............# #.#
#####....<# #...#########.# #.#
#####....##
#...##........####.#
..........#
##...##.#######.....#
..###.....#
#.....#.#######.#####


You could see a necrophage.

Vanquished Creatures
  An endoplasm (D:2)
  2 giant cockroaches (D:2)
  2 goblins
  3 quokkas
  5 ball pythons
  5 bats (D:1)
  2 frilled lizards
  A kobold (D:1)
  3 rats
24 creatures vanquished.

Notes
Turn   | Place    | Note
-------+----------+-------------------------------------------
     0 | D:1      | bnorton916 the Deep Elf Venom Mage began the quest for the
                  | Orb.
     0 | D:1      | Reached XP level 1. HP: 10/10 MP: 6/6
   488 | D:1      | Reached XP level 2. HP: 14/15 MP: 5/8
   562 | D:1      | Found a faded altar of an unknown god.
   817 | D:1      | Learned a level 2 spell: Poisonous Vapours
  1840 | D:3      | Noticed a necrophage
  1880 | D:2      | Slain by a necrophage

Illustrated notes

Levels and vault maps discovered:
D:1:      minmay_arrival_hallway, layout_loops_corners,
          shapermc_ecumenical_altar_acropolis
D:2:      layout_basic
D:3:      minmay_goblin_kobold_castle, layout_basic, uniq_natasha
D:4:      layout_basic, serial_shops, kennysheep_mini, uniq_robin

Skill      XL: |  1  2 |
---------------+-------+-----
Transmutations | 2 |  2.0
Dodging        | |  2.4
Stealth        | |  2.4
Spellcasting   | |  3.7
Poison Magic   | |  3.7

Action                   || total
-------------------------++-------
Melee: Unarmed           ||     1
       Rapier            ||     2
 Cast: Sting             ||    42
       Poisonous Vapours ||     8
Armor: Robe              ||    11
Dodge: Dodged            ||    12
